 Dungeon Crawl Stone Soup version 0.25-a0-425-g0e000e855e (console) character file.

Game seed: 14073061667939527010, levelgen mode: deterministic

22 Asser the Caller (level 2, 0/15 HPs)
             Began as a Tengu Summoner on Jan 24, 2020.
             Succumbed to an adder's poison
             ... on level 2 of the Dungeon.
             The game lasted 00:05:17 (707 turns).

Asser the Caller (Tengu Summoner)                    Turns: 707, Time: 00:05:17

Health: 0/15       AC:  2    Str: 13    XL:     2   Next: 91%
Magic:  0/6        EV: 12    Int: 20    God:
Gold:   55         SH:  0    Dex: 14    Spells: 5/6 levels left

rFire    . . .     SeeInvis .   (no weapon)
rCold    . . .     Gourm    .   (no shield)
rNeg     . . .     Faith    .   a - +0 robe
rPois    .         Spirit   .   (helmet restricted)
rElec    .         Reflect  .   (no cloak)
rCorr    .         Harm     .   (no gloves)
MR       .....                  (boots unavailable)
Stlth    ++........             (no amulet)
HPRegen  0.05/turn              (no ring)
MPRegen  0.10/turn              (no ring)

@: mighty, brilliant, lethally poisoned (0 -> -4), berserk cooldown, slowed,
very slow
A: beak, talons 3
a: no special abilities


You were on level 2 of the Dungeon.
You were not hungry.

You visited 1 branch of the dungeon, and saw 2 of its levels.

You collected 55 gold pieces.

Inventory:

Armour
 a - a +0 robe (worn)
 g - a +0 cloak
Scrolls
 f - a scroll of remove curse
Potions
 d - a potion of berserk rage
 e - a potion of lignification {unknown}
Comestibles
 c - 3 rations


   Skills:
 + Level 2.2 Dodging
 + Level 2.2 Stealth
 + Level 2.5 Spellcasting
 + Level 5.2 Summonings


You had 5 spell levels left.
You knew the following spells:

 Your Spells              Type           Power        Failure   Level  Hunger
a - Summon Small Mammal   Summ           ####         1%          1    None

Your spell library contained the following spells:

 Spells                   Type           Power        Failure   Level  Hunger
 Call Imp                 Summ           #####...     1%          2    ##.....
 Call Canine Familiar     Summ           #####...     1%          3    ###....
 Summon Guardian Golem    Hex/Summ       ####....     1%          3    ###....
 Summon Ice Beast         Ice/Summ       ####....     6%          4    ####...
 Summon Lightning Spire   Summ/Air       ####....     6%          4    ####...


Dungeon Overview and Level Annotations

Branches:
Dungeon (2/15)

Altars:


Innate Abilities, Weirdness & Mutations

You have a beak for a mouth.
You have claws for feet.


Message History

You swap places.
You feel a strong urge to attack something.
* * * LOW HITPOINT WARNING * * *
You feel sick. The goblin barely misses your rat.
You feel your anger nearly subside. The goblin hits your rat.
You are no longer berserk.
You are exhausted.
You feel yourself slow down.
* * * LOW HITPOINT WARNING * * *
You feel sick.
Your rat closely misses the goblin.
It was a potion of brilliance.
You feel clever all of a sudden. The goblin hits your rat.
Your rat dies!
Your rat's corpse disappears in a puff of smoke!
The goblin closely misses your quokka.
Unknown command.
You die...

..... .... .######### #.#
.........# #.# .#######.#
### #.# .# #.# #...#.# #
.#######.# #.#.#.##.
.........# #.#..... .
.######### #.###.######....
.# #.#####.##..brgg....# .#
#......@...r######.## .#
#######.##...r.....
.###############.##..#######
.................##.##
###################.# #.#
#.# ###


You could see a goblin, a rat, a friendly quokka, a friendly bat and a friendly
rat.

Vanquished Creatures (collateral kills)
  An adder (D:2)
  A dart slug (D:1)
  2 bats (D:1)
  6 goblins (D:1)
  4 hobgoblins (D:1)
  2 jackals (D:1)
  A frilled lizard (D:1)
  A kobold (D:1)
  5 rats (D:1)
23 creatures vanquished.

Notes
Turn   | Place    | Note
-------+----------+-------------------------------------------
     0 | D:1      | Asser the Tengu Summoner began the quest for the Orb.
     0 | D:1      | Reached XP level 1. HP: 10/10 MP: 4/4
   127 | D:1      | Reached skill level 5 in Summonings
   255 | D:1      | Reached XP level 2. HP: 15/15 MP: 0/6
   707 | D:2      | Succumbed to an adder's poison

Levels and vault maps discovered:
D:1:      elethiomel_arrival_diamonds, layout_rooms
D:2:      layout_basic, overflow_temple_1_default

Skill      XL: |  1 |
---------------+----+-----
Summonings     | 5 |  5.2
Dodging        | |  2.2
Stealth        | |  2.2
Spellcasting   | |  2.5

Action                   || total
-------------------------++-------
Melee: Unarmed           ||     2
 Cast: Summon Small Mamm ||    54
  Use: Scroll            ||     4
       Potion            ||     3
 Stab: Fleeing           ||     1
Armor: Robe              ||     5
Dodge: Dodged            ||    13

Table legend:
 A = Non-vault XP
 B = Vault XP
 C = Vault XP percentage of total XP
 D = Non-vault monster count
 E = Vault monster count
 F = Vault count percentage of total count
                 A         B        C        D         E       F
            +---------+---------+-------+---------+---------+-------
      Total |      25 |       7 |  21.9 |      16 |       7 |  30.4
            +---------+---------+-------+---------+---------+-------
        D:1 |      16 |       7 |  30.4 |      15 |       7 |  31.8
        D:2 |       9 |       0 |   0.0 |       1 |       0 |   0.0
            +---------+---------+-------+---------+---------+-------
